AoeStats
← howdydo12

Arabian Desert

515558455Analyzed
1v1 RM · 15d ago on Oct 22, 2026· 55m 21s· 2 players
Game mode
Random Map
Map size
Tiny (2 player)
Population
200
Speed
Normal
Resources
Standard
Victory
Conquest
Starting age
Dark Age
Ending age
Imperial Age
RankedLock teamsTeams togetherTeam positionsShared explorationLock speedFull tech treeHidden civsTurbo modeCheats
Victory
Defeat
🇵🇱 Saracens · Poland
633
+17
vs
🇨🇱 Spanish · Chile
660
-17
howdydo12
6:11 Loom
11:42 Feudal Age
13:24 Double-Bit Axe
17:08 Fletching
23:24 Castle Age
22:53 Padded Archer Armor
23:31 Crossbowman
24:52 Wheelbarrow
24:05 Elite Skirmisher
26:19 Scale Barding Armor
27:09 Horse Collar
29:30 Bloodlines
30:40 Husbandry
33:10 Bodkin Arrow
33:26 Forging
33:16 Scale Mail Armor
35:49 Ballistics
36:52 Heavy Plow
37:14 Bow Saw
38:42 Gold Mining
38:43 Stone Mining
42:14 Imperial Age
40:40 Chain Barding Armor
43:03 Bracer
43:18 Leather Archer Armor
43:46 Hand Cart
43:16 Town Watch
45:43 Thumb Ring
45:26 Arbalester
46:12 Light Cavalry
46:52 Heavy Camel Rider
47:53 Hussar
55:02 Chemistry
54:21 Leather Archer Armor
54:42 Plate Barding Armor
55:32 Squires
55:17 Arson
54:53 Pikeman
Joaquin B6183
9:12 Loom
11:58 Feudal Age
15:34 Wheelbarrow
15:43 Wheelbarrow
17:49 Castle Age
15:43 Stone Mining
15:45 Double-Bit Axe
19:42 Wheelbarrow
21:06 Fletching
25:48 Town Watch
27:14 Hand Cart
30:21 Husbandry
31:40 Bow Saw
34:48 Murder Holes
34:40 Pikeman
39:24 Imperial Age
39:04 Town Patrol
42:25 Cavalier
44:22 Two-Man Saw
43:10 Halberdier
45:13 Stone Shaft Mining
44:28 Gold Mining
44:46 Scale Barding Armor
44:51 Forging
44:38 Bodkin Arrow
44:44 Scale Mail Armor
47:54 Chain Barding Armor
Connection lost

Rejoining the realm…

Still unreachable

The connection could not be restored.

Session expired

The server has moved on; the page needs a fresh start.